 Dungeon Crawl Stone Soup version 0.30-a0-39-g42789b21ef (webtiles) character file.

Game seed: 2140670703443278086

13 drugrobin the Sneak (level 2, 0/25 HPs)
             Began as a Demigod Delver on Aug 29, 2022.
             Shot with a sling bullet by a goblin (3 damage)
             ... on level 2 of the Dungeon.
             The game lasted 00:01:27 (338 turns).

drugrobin the Sneak (Demigod Delver)                 Turns: 338, Time: 00:01:28

Health: 0/25       AC:  3    Str: 13    XL:     2   Next: 12%
Magic:  4/4        EV: 11    Int: 18    God:
Gold:   13         SH:  0    Dex: 15    Spells: 1/1 levels left

rFire   . . .      SeeInvis .    a - +7 long sword of Green Watchfulness {flame, Int+6}
rCold   . . .      Faith    .    (no shield)
rNeg    . . .      Spirit   .    i - +0 leather armour
rPois   .          Reflect  .    (no helmet)
rElec   .          Harm     .    (no cloak)
rCorr   .          Rampage  .    (no gloves)
Will    .....                    (no boots)
Stlth   +++.......               (no amulet)
HPRegen 0.08/turn                (no ring)
MPRegen 0.09/turn                (no ring)

@: lethally poisoned (0 -> -1)
A: high MP 1, forlorn, divine attributes
a: no special abilities


You were on level 2 of the Dungeon.
You visited 1 branch of the dungeon, and saw 4 of its levels.

You collected 13 gold pieces.

Inventory:

Hand Weapons
 a - the +7 long sword of Green Watchfulness (weapon) {flame, Int+6}
   (You found it on level 4 of the Dungeon)

   It burns those it strikes, dealing additional fire damage.
   Big, fiery blades are also staple armaments of hydra-hunters.
   Int:       It affects your intelligence (+6).
 b - a +0 shortbow
 m - a +0 short sword
Armour
 i - a +0 leather armour (worn)
Wands
 g - a wand of digging (3)
Scrolls
 c - a scroll of fog
 d - a scroll of magic mapping
 e - a scroll of fear
 h - 2 scrolls of teleportation {unknown}
 l - a scroll of brand weapon {unknown}
 n - a scroll of enchant armour {unknown}
Potions
 f - a potion of haste
 j - a potion of brilliance {unknown}
 k - a potion of magic {unknown}


   Skills:
 - Level 2.6 Fighting
 - Level 1.7(2.1) Short Blades
 + Level 1.7(2.1) Long Blades
 - Level 1.7 Dodging
 - Level 4.5 Stealth


You had one spell level left.
You didn't know any spells.
Your spell library was empty.

Dungeon Overview and Level Annotations

Branches:
Dungeon (5/15)
 Temple: D:4-7

Annotations:
D:4 Robin


Innate Abilities, Weirdness & Mutations

You have an increased reservoir of magic. (+10% MP)
You shall have no god before yourself.
Your divine heritage dramatically boosts your attributes as you level up.


Message History

An orc comes into view. It is wielding a +2 dagger of freezing.
A kobold and an orc come into view.
The orc is wielding a +0 short sword of venom.
An orc comes into view. It is wielding a +0 flail.
The orc shouts! x2; The kobold shouts!
The orc shouts!
You hear an angry hiss.
An orc comes into view. It is wielding a +0 club.
You hear a bark!
Unknown command.
Unknown command.
You slash the kobold! You burn the kobold.
You kill the kobold!
The orc throws a boomerang.
The boomerang hits you.
The orc hits you with a +0 short sword of venom.
You are poisoned.
Things that are here:
a +0 whip; a kobold corpse Unknown command.
The orc attacks as you move away!
The orc hits you with a +0 short sword of venom.
You feel very sick.
You slash the orc! You burn the orc.
You kill the orc!
You feel very sick.
Unknown command.
You feel sick.
The orc throws a boomerang.
The boomerang hits you.
* * * LOW HITPOINT WARNING * * *
You feel sick.
Found a scroll labelled NOORAA SAMONI.
You feel sick.
There is a stone staircase leading up here.
Unknown command.
Unknown command.
You feel sick.
You climb upwards.
The goblin shouts! x2
Found a scroll labelled TOEVEA HICEESU.
There is a stone staircase leading down here.
Unknown command.
You feel sick.
The goblin unwields a +0 dagger.
The goblin wields a +0 sling.
The goblin shoots a sling bullet.
The sling bullet hits you.
You die...

########
##......#
....g...# .
#.....g#####.#
#....^........
##......g....#
#......>.#
#.......@#
#.######.# #.#
#.# #.# #.#
#?# ..#


You could see 3 goblins.

Vanquished Creatures
  An orc (D:3)
  An endoplasm (D:3)
  3 goblins (D:4)
  2 hobgoblins
  2 kobolds
  A bat (D:3)
10 creatures vanquished.

Notes
Turn   | Place    | Note
-------+----------+-------------------------------------------
     0 | D:5      | drugrobin the Demigod Delver began the quest for the Orb.
     0 | D:5      | Reached XP level 1. HP: 18/18 MP: 3/3
   117 | D:4      | Identified the +7 long sword of Green Watchfulness {flame,
                  | Int+6}
   149 | D:4      | Noticed Robin
   164 | D:4      | Reached skill level 1 in Long Blades
   217 | D:4      | Noticed an ogre
   319 | D:3      | Reached XP level 2. HP: 22/25 MP: 4/4
   338 | D:2      | Shot with a sling bullet by a goblin

Illustrated notes

Levels and vault maps discovered:
D:2:      layout_basic, basic_altar, hellmonk_ecumenical_altar_prayer_group,
          serial_shops, nicolae_square_shop
D:3:      layout_loops_ring
D:4:      layout_rooms, uniq_robin
D:5:      layout_basic, nicolae_dithmenos_shadow_blocks, general_overflow_altar

Skill      XL: |  1 |
---------------+----+-----
Long Blades    | 1 |  1.7
Fighting       | |  2.6
Short Blades   | |  1.7
Dodging        | |  1.7
Stealth        | |  4.5

Action                   || total
-------------------------++-------
Melee: Long sword        ||    18
 Fire: Shortbow          ||     1
Armor: Leather armour    ||     6
Dodge: Dodged            ||     9

Table legend: (Time is in decaauts)
 A = Elapsed time spent in this place.
 B = Non-inter-level travel time spent in this place.
 C = Inter-level travel time spent in this place.
 D = Time resting spent in this place.
 E = Time spent auto-exploring this place.
 F = Levels seen in this place.
 G = Mean time per level.
                   A        B        C        D        E       F      G
               +--------+--------+--------+--------+--------+-----+--------+
         Total |    342 |    342 |      0 |      0 |    141 |   4 |   85.5 |
       Dungeon |    342 |    342 |      0 |      0 |    141 |   4 |   85.5 |
               +--------+--------+--------+--------+--------+-----+--------+

Top non-repeatable levels by time:
     D:3: 118 daAuts
     D:5: 114 daAuts
     D:4: 109 daAuts
     D:2: 0 daAuts
